 Dungeon Crawl Stone Soup version bcrawl-1.27.1d (webtiles) character file.

Game seed: 15319185772354640599

119127 Freyura the Cutter (level 4, -9/34 HPs)
             Began as a Vampire Gladiator on July 20, 2020.
             Killed from afar by an orc wizard (11 damage)
             ... with a magic dart
             ... on level 3 of the Dungeon.
             The game lasted 00:06:33 (2111 turns).

Freyura the Cutter (Vampire Gladiator)              Turns: 2111, Time: 00:06:34

Health: -9/34      AC:  3    Str: 17    XL:     4   Next: 25%
Magic:  4/4        EV: 14    Int:  8    God:
Gold:   148        SH:  0    Dex: 15    Spells: 3/3 levels left

rFire    + . .     SeeInvis +   a - +2 rapier
rCold    + . .     Gourm    .   (no shield)
rNeg     + + .     Faith    .   m - +0 robe
rPois    ∞         Spirit   .   c - +0 helmet
rElec    .         Reflect  .   (no cloak)
rCorr    +         Harm     .   (no gloves)
MR       .....                  (no boots)
Stlth    +++++.....             (no amulet)
HPRegen  0.05/turn              j - ring of protection from fire
MPRegen  0.09/turn              k - ring of resist corrosion

@: regenerating slowly
A: claws 1, fangs 3, see invisible, unbreathing
a: no special abilities


You were on level 3 of the Dungeon.
You were near bloodless.

You visited 1 branch of the dungeon, and saw 3 of its levels.

You collected 148 gold pieces.

Inventory:

Hand Weapons
 a - a +2 rapier (weapon)
Missiles
 d - 3 throwing nets {=f}
Armour
 c - a +0 helmet (worn)
 m - a +0 robe (worn)
Jewellery
 j - a ring of protection from fire (left claw)
 k - a ring of resist corrosion (right claw)
Scrolls
 f - 3 scrolls of remove curse
 h - 4 scrolls of identify
Potions
 b - a potion of agility {unknown}
 e - 2 potions of mutation {unknown}
 g - a potion of berserk rage
 i - a potion of curing {unknown}
 l - 2 potions of degeneration {unknown}
 q - 13 potions of blood


   Skills:
 + Level 2.4 Fighting
 + Level 4.2 Short Blades
 - Level 1.5 Throwing
 + Level 3.9 Dodging
 * Level 3.8 Stealth


You had 3 spell levels left.
You didn't know any spells.
Your spell library was empty.

Dungeon Overview and Level Annotations

Branches:
Dungeon (3/12)

Altars:
The Shining One

Annotations:
D:3 Grinder


Innate Abilities, Weirdness & Mutations

You heal slowly.
You are immune to poison.
You have sharp fingernails.
You have razor-sharp teeth.
You have supernaturally acute eyesight. (SInv)
You can survive without breathing.


Message History

The orc hits you with a +0 hand axe. Grinder gestures at you.
Pain shoots through your body!
You are too injured to fight recklessly!
You are too injured to fight recklessly!
You are too injured to fight recklessly!
The orc wizard points at you and mumbles some strange words.
The magic dart hits you. The orc hits you with a +0 hand axe.
* * * LOW HITPOINT WARNING * * *
Grinder says, "At least Makhleb appreciates what I'm doing."
The orc wizard points at you and mumbles some strange words.
The magic dart hits you!
* * * LOW HITPOINT WARNING * * *
Okay, then.
Grinder blinks!
You closely miss Grinder.
The orc wizard hits you but does no damage.
The orc wizard gestures at you while chanting.
The magic dart hits you!
You die...

.# .. .#..
#### .#. #..
.. # ##.##
.##.#
#...###....##
#..o#.......#.
#.5o..).......
#.@##.......##
#..##.......#
#..##.......#
#..##.........
#..#######....
###..# ....
#....# ... ..#
##.#)# #. #.#
#.#.#


You could see Grinder, an orc wizard and an orc.

Vanquished Creatures
  An orc wizard (D:3)
  An ooze (D:3)
  2 worms (D:2)
  3 leopard geckos
  6 orcs (D:3)
  A giant cockroach (D:2)
  4 hobgoblins
  2 jackals (D:1)
  A quokka (D:2)
  6 bats
  4 frilled lizards
  7 kobolds
  3 rats (D:2)
41 creatures vanquished.

Notes
Turn   | Place    | Note
-------+----------+-------------------------------------------
     0 | D:1      | Freyura the Vampire Gladiator began the quest for the Orb.
     0 | D:1      | Reached XP level 1. HP: 16/16 MP: 1/1
   107 | D:1      | Reached skill level 1 in Stealth
   233 | D:1      | Reached XP level 2. HP: 22/22 MP: 2/2
  1279 | D:2      | Reached skill level 4 in Short Blades
  1281 | D:2      | Reached XP level 3. HP: 27/27 MP: 3/3
  1582 | D:2      | Found a glowing golden altar of the Shining One.
  1836 | D:3      | Reached XP level 4. HP: 15/34 MP: 1/4
  2066 | D:3      | Noticed Grinder
  2111 | D:3      | Killed from afar by an orc wizard

Skill      XL: |  1  2  3 |
---------------+----------+-----
Stealth        | 1 2 3 |  3.8
Fighting       | 2 |  2.4
Short Blades   | 4 |  4.2
Throwing       | |  1.5
Dodging        | |  3.9

Action                   |  1- 3 |  4- 6 || total
-------------------------+-------+-------++-------
Melee: Rapier            |    93 |    18 ||   111
       Bite              |     2 |     1 ||     3
  Use: Scroll            |     7 |       ||     7
 Stab: Sleeping          |     7 |       ||     7
       Distracted        |     1 |       ||     1
Armor: Leather armour    |    20 |       ||    20
       Robe              |     1 |     3 ||     4
Dodge: Dodged            |    69 |     6 ||    75
